[Event "Slovakia Open Piestany-A 2022"]
[Site "Piestany"]
[Date "2022.07.12"]
[Round "2.27"]
[White "Matras, Ondrej"]
[Black "Walter, Ema"]
[Result "1-0"]
[ECO "D51"]
[WhiteElo "2229"]
[BlackElo "2000"]
[Annotator "ChessBase"]
[PlyCount "67"]
[EventDate "2022.07.12"]
[EventType "swiss"]
[EventCountry "SVK"]
[SourceTitle "playchess.com"]
[Source "ChessBase"]
[SourceQuality "1"]
[TimeControl "40/5400+30:1800+30"]

1. d4 Nf6 2. c4 e6 3. Nc3 Bb4 4. Qc2 O-O 5. Bg5 h6 6. Bh4 d5 7. e3 Nbd7 8. cxd5 exd5 9. Bd3 c6 10. Nf3 Re8 11. a3 Bd6 12. b4 b6 13. O-O Bb7 14. e4 dxe4 15. Nxe4 Be7 16. Rfe1 Nxe4 17. Bxe7 Rxe7 18. Bxe4 Rc8 19. Bh7+ Kh8 20. Bf5 Rc7 21. Rxe7 Qxe7 22. Re1 Qd8 23. Qe2 Nf6 24. Qe5 Kg8 25. Bc2 Kf8 26. Bb3 Ne8 27. Qf4 Re7 28. Rxe7 Qxe7 29. Ne5 Nf6 30. Bxf7 Qd8 31. Bc4 Ke8 32. Ng6 Qd7 33. Qe5+ Kd8 34. Nf8 1-0

[Event "Slovakia Open Piestany-A 2022"]
[Site "Piestany"]
[Date "2022.07.12"]
[Round "2.28"]
[White "Pennica, Andrea"]
[Black "Zvarik, Martin"]
[Result "1/2-1/2"]
[ECO "C50"]
[WhiteElo "1986"]
[BlackElo "2213"]
[Annotator "ChessBase"]
[PlyCount "57"]
[EventDate "2022.07.12"]
[EventType "swiss"]
[EventCountry "SVK"]
[SourceTitle "playchess.com"]
[Source "ChessBase"]
[SourceQuality "1"]
[TimeControl "40/5400+30:1800+30"]

1. e4 e5 2. Nf3 Nc6 3. Bc4 d6 4. d4 Bg4 5. c3 Qf6 6. Qb3 Nd8 7. dxe5 Qg6 8. Nbd2 c6 9. Nh4 Qh5 10. Ndf3 dxe5 11. h3 Bxf3 12. Nxf3 Nf6 13. Bg5 Nxe4 14. Bxd8 Nc5 15. Qc2 Rxd8 16. g4 Qh6 17. Nxe5 Ne6 18. Qf5 Qf6 19. Nxf7 Qxf5 20. gxf5 Kxf7 21. fxe6+ Kf6 22. a4 Bc5 23. Ke2 Rhf8 24. Rhg1 g5 25. Rad1 h6 26. Rxd8 Rxd8 27. Rg3 Bd6 28. Rd3 Bc7 29. Rxd8 1/2-1/2

[Event "Slovakia Open Piestany-A 2022"]
[Site "Piestany"]
[Date "2022.07.12"]
[Round "2.29"]
[White "Holly, Andrej"]
[Black "Sosovickova, Jana"]
[Result "1-0"]
[ECO "A20"]
[WhiteElo "2213"]
[BlackElo "1958"]
[Annotator "ChessBase"]
[PlyCount "76"]
[EventDate "2022.07.12"]
[EventType "swiss"]
[EventCountry "SVK"]
[SourceTitle "playchess.com"]
[Source "ChessBase"]
[SourceQuality "1"]
[TimeControl "40/5400+30:1800+30"]

1. c4 e5 2. g3 c6 3. Bg2 Nf6 4. d3 d5 5. Nf3 Bb4+ 6. Bd2 Qe7 7. O-O Bxd2 8. Qxd2 O-O 9. Nc3 d4 10. Nb1 c5 11. e4 Nc6 12. h3 Ne8 13. Nh4 Nd6 14. a3 a5 15. Qe1 g5 16. Nf3 h6 17. Nh2 f5 18. exf5 Bxf5 19. Qe2 e4 20. Re1 Rae8 21. dxe4 Nxe4 22. Nd2 Nxd2 23. Qxd2 Qc7 24. h4 Qd8 25. Bd5+ Kg7 26. g4 Bc8 27. Rxe8 Rxe8 28. hxg5 Qxg5 29. f4 Qh4 30. f5 Re3 31. Rf1 Kf6 32. Kh1 Ne5 33. Qxa5 Nxg4 34. Qd8+ Re7 35. Qd6+ Be6 36. fxe6+ Kg6 37. Qf4 h5 38. Be4+ Kg7 1-0

[Event "Slovakia Open Piestany-A 2022"]
[Site "Piestany"]
[Date "2022.07.12"]
[Round "2.30"]
[White "Paluska, Karol"]
[Black "Delgerdalai, Bayarjavkhlan"]
[Result "0-1"]
[ECO "D00"]
[WhiteElo "1957"]
[BlackElo "2209"]
[Annotator "ChessBase"]
[PlyCount "78"]
[EventDate "2022.07.12"]
[EventType "swiss"]
[EventCountry "SVK"]
[SourceTitle "playchess.com"]
[Source "ChessBase"]
[SourceQuality "1"]
[TimeControl "40/5400+30:1800+30"]

1. d4 d5 2. Nc3 Nf6 3. Bf4 Bf5 4. f3 e6 5. g4 Bg6 6. h4 h5 7. g5 Nfd7 8. e3 Bb4 9. Bd3 Nc6 10. Bxg6 fxg6 11. Qd3 O-O 12. O-O-O Ne7 13. Nge2 c6 14. Nb1 Nb6 15. c3 Bd6 16. Nd2 a5 17. Rdf1 Qc7 18. Bxd6 Qxd6 19. e4 Nd7 20. Kb1 b5 21. Nb3 a4 22. Nbc1 a3 23. b4 e5 24. Nb3 Rf7 25. Nec1 Raf8 26. Qe2 exd4 27. Nxd4 Ne5 28. Nd3 dxe4 29. fxe4 Nxd3 30. Qxd3 Qe5 31. Nf3 Qg3 32. Rhg1 Qh3 33. Rh1 Qg2 34. Nd2 Rxf1+ 35. Rxf1 Rxf1+ 36. Qxf1 Qxd2 37. Qc1 Qe2 38. Qxa3 Qxe4+ 39. Kb2 Qxh4 0-1

[Event "Slovakia Open Piestany-A 2022"]
[Site "Piestany"]
[Date "2022.07.12"]
[Round "2.31"]
[White "Banas, Jan"]
[Black "Mizicka, Matus"]
[Result "1-0"]
[ECO "A27"]
[WhiteElo "2206"]
[BlackElo "1915"]
[Annotator "ChessBase"]
[PlyCount "89"]
[EventDate "2022.07.12"]
[EventType "swiss"]
[EventCountry "SVK"]
[SourceTitle "playchess.com"]
[Source "ChessBase"]
[SourceQuality "1"]
[TimeControl "40/5400+30:1800+30"]

1. c4 e5 2. Nc3 Nc6 3. Nf3 g6 4. e3 Bg7 5. d4 exd4 6. exd4 Nge7 7. d5 Ne5 8. Be2 O-O 9. O-O d6 10. Nd4 Nf5 11. Nc2 h5 12. Bf4 Qh4 13. Qd2 Kh7 14. Ne4 Bh6 15. Bxh6 Qxe4 16. Bxf8 Bd7 17. b3 Rxf8 18. f3 Qh4 19. Rae1 Qf6 20. f4 Ng4 21. h3 Qh4 22. Bd3 Ng3 23. Rf3 Nf5 24. Bxf5 Bxf5 25. Nd4 Nf6 26. Rfe3 Qxf4 27. Nxf5 gxf5 28. Rf1 Qg5 29. Qf2 Kh6 30. Rg3 Ne4 31. Rxg5 Nxf2 32. Rxf5 Nd3 33. Rxf7 Rg8 34. Rxc7 b6 35. Rxa7 Re8 36. Rd7 Kg5 37. Rxd6 Re2 38. Re6 Rd2 39. Re4 Rxa2 40. h4+ Kg6 41. Re6+ Kg7 42. Rxb6 Ne5 43. Re6 Ng4 44. d6 Rd2 45. c5 1-0

[Event "Slovakia Open Piestany-A 2022"]
[Site "Piestany"]
[Date "2022.07.12"]
[Round "2.32"]
[White "Saravanan Durga"]
[Black "Gyerpal, Adrian"]
[Result "1/2-1/2"]
[ECO "D10"]
[WhiteElo "1908"]
[BlackElo "2193"]
[Annotator "ChessBase"]
[PlyCount "98"]
[EventDate "2022.07.12"]
[EventType "swiss"]
[EventCountry "SVK"]
[SourceTitle "playchess.com"]
[Source "ChessBase"]
[SourceQuality "1"]
[TimeControl "40/5400+30:1800+30"]

1. d4 d5 2. c4 c6 3. Nc3 dxc4 4. a4 e5 5. dxe5 Qxd1+ 6. Nxd1 Na6 7. e4 Be6 8. Nf3 O-O-O 9. Ne3 Nb4 10. Bd2 h6 11. Rc1 Nd3+ 12. Bxd3 cxd3 13. a5 a6 14. b4 Kb8 15. h3 Ne7 16. Bc3 g5 17. Nd4 d2+ 18. Kxd2 c5 19. bxc5 Nc6 20. Nec2 Bxc5 21. Ke3 Bb3 22. Rhd1 Rd7 23. Ke2 Nxd4+ 24. Rxd4 Bxd4 25. Nxd4 Bc4+ 26. Ke3 Rhd8 27. Rb1 Ka8 28. Rb6 Be6 29. Bb2 h5 30. Rb4 Rc8 31. Rb6 Rc5 32. Nxe6 fxe6 33. Rxe6 Rxa5 34. Re8+ Ka7 35. e6 Rd6 36. e7 Re6 37. Bf6 Ra3+ 38. Kd2 Ra2+ 39. Kc3 Rxf6 40. Ra8+ Kxa8 41. e8=Q+ Ka7 42. Qxh5 Rfxf2 43. Qxg5 Rxg2 44. Qc5+ Kb8 45. Qf8+ Kc7 46. Qe7+ Kc6 47. Qe6+ Kc5 48. Qd5+ Kb6 49. Qd6+ Ka7 1/2-1/2

[Event "Slovakia Open Piestany-A 2022"]
[Site "Piestany"]
[Date "2022.07.13"]
[Round "3"]
[White "Roshka, Yevgeniy"]
[Black "Vrchotka, Josef"]
[Result "1-0"]
[ECO "E60"]
[WhiteElo "2497"]
[BlackElo "1959"]
[Annotator "ChessBase"]
[PlyCount "125"]
[EventDate "2022.07.12"]
[EventType "swiss"]
[EventCountry "SVK"]
[SourceTitle "playchess.com"]
[Source "ChessBase"]
[SourceQuality "1"]
[TimeControl "40/5400+30:1800+30"]

1. d4 Nf6 2. c4 g6 3. h4 c5 4. d5 e6 5. Nc3 exd5 6. Nxd5 Nxd5 7. Qxd5 Nc6 8. Nf3 d6 9. Ng5 Qe7 10. Bd2 Bg7 11. h5 Bf5 12. g4 Bxb2 13. gxf5 Bxa1 14. hxg6 fxg6 15. Rxh7 Rxh7 16. Qg8+ Kd7 17. Qxa8 Kc7 18. Nxh7 Qxh7 19. Bg2 gxf5 20. Qe8 Qd7 21. Qh5 Qg7 22. Qf3 Qb2 23. Qxf5 Qxa2 24. Bd5 Be5 25. f4 Qa1+ 26. Kf2 Bd4+ 27. e3 Qb2 28. Qd3 Bf6 29. Kf3 Qa1 30. Ke2 Qb2 31. Kf3 Qa1 32. Kg2 Qb2 33. Kh3 Bg7 34. Bf3 Qf6 35. Kg3 Ne7 36. Be4 Qb2 37. Kh3 Qa1 38. Bf3 Qf6 39. Qe4 Nc6 40. Be1 Kd7 41. Bh4 Qf8 42. Qh7 Qh8 43. Qf5+ Kc7 44. Qf7+ Kb6 45. Qe6 Bf8 46. Qe8 Bg7 47. Qg6 Bf8 48. Kg4 a5 49. Bxc6 bxc6 50. Bd8+ Ka6 51. Qe8 Qg7+ 52. Kf3 Kb7 53. Bxa5 Qe7 54. Qxe7+ Bxe7 55. Ke4 Kc8 56. Kf5 Kd7 57. Kg6 d5 58. f5 Kd6 59. Bc3 Bf8 60. Kf7 Bh6 61. f6 Bxe3 62. Kg8 Ke6 63. f7 1-0

[Event "Slovakia Open Piestany-A 2022"]
[Site "Piestany"]
[Date "2022.07.13"]
[Round "3"]
[White "Velicka, Petr"]
[Black "Nejdl, Eduard"]
[Result "1-0"]
[ECO "B04"]
[WhiteElo "2384"]
[BlackElo "1951"]
[Annotator "ChessBase"]
[PlyCount "50"]
[EventDate "2022.07.12"]
[EventType "swiss"]
[EventCountry "SVK"]
[SourceTitle "playchess.com"]
[Source "ChessBase"]
[SourceQuality "1"]
[TimeControl "40/5400+30:1800+30"]

1. e4 Nf6 2. e5 Nd5 3. d4 d6 4. Nf3 dxe5 5. Nxe5 c6 6. Bc4 g6 7. O-O Bg7 8. Re1 Nd7 9. Nf3 N7f6 10. Bb3 O-O 11. Nbd2 a5 12. a4 Bf5 13. Nc4 Qc7 14. Nce5 Rad8 15. Nd3 Bxd3 16. Qxd3 Rfe8 17. c3 Nd7 18. Bg5 Nf8 19. Bh4 Ne6 20. Rad1 Qc8 21. Bg3 Nef4 22. Qe4 Qf5 23. c4 Qxe4 24. Rxe4 Nf6 25. Rxf4 e5 1-0

[Event "Slovakia Open Piestany-A 2022"]
[Site "Piestany"]
[Date "2022.07.13"]
[Round "3"]
[White "Simek, Petr"]
[Black "Tsifanskaya, Ludmila A"]
[Result "1-0"]
[ECO "D77"]
[WhiteElo "2348"]
[BlackElo "1941"]
[Annotator "ChessBase"]
[PlyCount "118"]
[EventDate "2022.07.12"]
[EventType "swiss"]
[EventCountry "SVK"]
[SourceTitle "playchess.com"]
[Source "ChessBase"]
[SourceQuality "1"]
[TimeControl "40/5400+30:1800+30"]

1. d4 Nf6 2. c4 e6 3. Nf3 d5 4. g3 g6 5. Bg2 Bg7 6. O-O O-O 7. Qc2 Na6 8. a3 c5 9. dxc5 dxc4 10. Qxc4 Qd5 11. Qh4 Qxc5 12. Nc3 Qh5 13. Qxh5 Nxh5 14. Be3 Nf6 15. Bd4 Nc7 16. Rac1 Ncd5 17. Rfd1 b6 18. Nxd5 exd5 19. e3 Bf5 20. Nh4 Be6 21. Rc2 Rac8 22. Re2 Ne4 23. Nf3 f6 24. h3 Rc7 25. Ne1 Rfc8 26. Nd3 Rc2 27. Rxc2 Rxc2 28. Nb4 Rc8 29. Bf1 Ng5 30. h4 Nf3+ 31. Kg2 Nxd4 32. Rxd4 f5 33. Rd2 a5 34. Nxd5 Bxd5+ 35. Rxd5 Bxb2 36. a4 Ba3 37. Rd7 h6 38. Rb7 Bc5 39. Bc4+ Kh8 40. Bf7 Rc6 41. h5 gxh5 42. Bxh5 Bb4 43. Be8 Rf6 44. Bb5 Kg8 45. Bd3 Kf8 46. Rd7 Bd6 47. Kh3 Bb4 48. Rd5 Be1 49. Kg2 Ke7 50. Bxf5 Rd6 51. Rxd6 Kxd6 52. Bd3 Bd2 53. Kf3 Be1 54. Ke2 Bc3 55. f4 Kd5 56. g4 Bf6 57. Bh7 Be7 58. Kd3 Bd8 59. e4+ Kc5 1-0

[Event "Slovakia Open Piestany-A 2022"]
[Site "Piestany"]
[Date "2022.07.13"]
[Round "3"]
[White "Heimisson, Hilmir Freyr"]
[Black "Milovs, Daniels"]
[Result "1-0"]
[ECO "E62"]
[WhiteElo "2281"]
[BlackElo "1926"]
[Annotator "ChessBase"]
[PlyCount "79"]
[EventDate "2022.07.12"]
[EventType "swiss"]
[EventCountry "SVK"]
[SourceTitle "playchess.com"]
[Source "ChessBase"]
[SourceQuality "1"]
[TimeControl "40/5400+30:1800+30"]

1. d4 Nf6 2. c4 g6 3. Nf3 Bg7 4. g3 O-O 5. Bg2 d6 6. Nc3 Nc6 7. O-O Bg4 8. d5 Na5 9. Nd2 c5 10. Rb1 a6 11. a3 Qc7 12. b3 Rab8 13. Bb2 b5 14. h3 Bd7 15. Qc2 Rb6 16. Na2 bxc4 17. bxc4 Rfb8 18. Bc3 Rxb1 19. Rxb1 Rxb1+ 20. Qxb1 h6 21. e4 Nh5 22. Qb2 Bxc3 23. Qxc3 Qb6 24. Bf1 Nb7 25. Kg2 Qa5 26. Qb2 Qc7 27. Nc1 Na5 28. Nd3 e5 29. Qc3 f5 30. Be2 Nf6 31. exf5 Bxf5 32. f4 Ne4 33. Nxe4 Bxe4+ 34. Bf3 Bxd3 35. Qxd3 Kg7 36. fxe5 dxe5 37. d6 Qd7 38. Qd5 Nxc4 39. Qxc4 Qxd6 40. Qd5 1-0

[Event "Slovakia Open Piestany-A 2022"]
[Site "Piestany"]
[Date "2022.07.13"]
[Round "3"]
[White "Hrbek, Stepan"]
[Black "Stastna, Martina"]
[Result "1-0"]
[ECO "D35"]
[WhiteElo "2272"]
[BlackElo "1912"]
[Annotator "ChessBase"]
[PlyCount "97"]
[EventDate "2022.07.12"]
[EventType "swiss"]
[EventCountry "SVK"]
[SourceTitle "playchess.com"]
[Source "ChessBase"]
[SourceQuality "1"]
[TimeControl "40/5400+30:1800+30"]

1. d4 d5 2. c4 e6 3. Nc3 Nf6 4. cxd5 exd5 5. Bg5 c6 6. e3 Bd6 7. Bd3 Nbd7 8. Nf3 O-O 9. O-O Re8 10. Bf4 Bxf4 11. exf4 Nf8 12. Qc2 Qb6 13. f5 Bd7 14. Rfe1 Rac8 15. Qb3 Qxb3 16. axb3 Rxe1+ 17. Nxe1 Re8 18. Nf3 a6 19. Ne5 Bc8 20. b4 N8d7 21. Nxd7 Bxd7 22. f3 Kf8 23. Kf2 Ke7 24. g4 Kd6 25. h4 g6 26. fxg6 hxg6 27. h5 gxh5 28. g5 Ng8 29. Rh1 Ne7 30. Rxh5 Bf5 31. Rh6+ Kd7 32. Bf1 Bg6 33. Bh3+ Kc7 34. Ne2 Rg8 35. Ng3 Kb6 36. f4 Bc2 37. Bf1 Ng6 38. Nh5 Bd1 39. Nf6 Rh8 40. f5 Rxh6 41. gxh6 Nh8 42. Ke3 Bc2 43. Kf4 Kc7 44. Ke5 Kd8 45. Ng8 Ke8 46. Kf6 Kf8 47. Ne7 Ba4 48. h7 Bc2 49. Be2 1-0

[Event "Slovakia Open Piestany-A 2022"]
[Site "Piestany"]
[Date "2022.07.13"]
[Round "3"]
[White "Zeman, Matyas"]
[Black "Saravanan Durga"]
[Result "1-0"]
[ECO "A07"]
[WhiteElo "2262"]
[BlackElo "1908"]
[Annotator "ChessBase"]
[PlyCount "134"]
[EventDate "2022.07.12"]
[EventType "swiss"]
[EventCountry "SVK"]
[SourceTitle "playchess.com"]
[Source "ChessBase"]
[SourceQuality "1"]
[TimeControl "40/5400+30:1800+30"]

1. Nf3 d5 2. g3 Nf6 3. Bg2 d4 4. c3 dxc3 5. Nxc3 e6 6. O-O Be7 7. d4 O-O 8. Qb3 Nc6 9. Rd1 Bb4 10. Ne5 a5 11. Nxc6 bxc6 12. a3 Bxc3 13. Qxc3 Nd5 14. Qxc6 Bd7 15. Qc2 a4 16. e4 Nb6 17. Bf4 Rc8 18. Rac1 Qf6 19. Qc5 Na8 20. Be5 Qd8 21. d5 Qe8 22. Bc3 f6 23. Bb4 Rf7 24. dxe6 Bxe6 25. e5 fxe5 26. Re1 Nb6 27. Qxe5 Bd7 28. Rxc7 Qxe5 29. Rxc8+ Bxc8 30. Rxe5 Rc7 31. h4 Kf7 32. Be4 Nc4 33. Bd5+ Kf6 34. Re2 Bf5 35. Bc3+ Kg6 36. g4 Bxg4 37. Re4 Bf5 38. Rxc4 Rd7 39. Be4 Bxe4 40. Rxe4 Ra7 41. Rg4+ Kh6 42. Kg2 g6 43. Kg3 Ra6 44. h5 Ra7 45. hxg6 hxg6 46. f4 g5 47. Rxg5 Rd7 48. Kg4 Rd3 49. f5 Kh7 50. Rg7+ Kh6 51. Rg8 Rd7 52. Rh8+ Rh7 53. Rxh7+ Kxh7 54. b4 axb3 55. a4 Kg8 56. a5 Kf7 57. a6 Ke7 58. a7 Kd6 59. a8=Q Kc5 60. Qa4 Kd6 61. Qxb3 Kc6 62. f6 Kd7 63. f7 Ke7 64. Bb4+ Kd7 65. f8=R Kc7 66. Ba5+ Kd7 67. Qd5+ Ke7 1-0

[Event "Slovakia Open Piestany-A 2022"]
[Site "Piestany"]
[Date "2022.07.13"]
[Round "3"]
[White "Librelato, Kathie Goulart"]
[Black "Ondrejat, Miroslav"]
[Result "1-0"]
[ECO "B52"]
[WhiteElo "2255"]
[BlackElo "1903"]
[Annotator "ChessBase"]
[PlyCount "59"]
[EventDate "2022.07.12"]
[EventType "swiss"]
[EventCountry "SVK"]
[SourceTitle "playchess.com"]
[Source "ChessBase"]
[SourceQuality "1"]
[TimeControl "40/5400+30:1800+30"]

1. e4 c5 2. Nf3 d6 3. Bb5+ Bd7 4. Bxd7+ Qxd7 5. O-O Nc6 6. c3 d5 7. e5 e6 8. d4 Nge7 9. dxc5 Ng6 10. Be3 Ngxe5 11. Nxe5 Nxe5 12. Nd2 Nc6 13. Qg4 f5 14. Qe2 e5 15. Rad1 Qf7 16. b4 a6 17. Nf3 Be7 18. Bc1 Bf6 19. Nxe5 Bxe5 20. f4 O-O 21. fxe5 Qe6 22. Bf4 h6 23. h4 Rad8 24. Rfe1 d4 25. Qc2 dxc3 26. Qxc3 Qxa2 27. Rd6 Qf7 28. e6 Qe7 29. Qg3 Qf6 30. e7 1-0

[Event "Slovakia Open Piestany-A 2022"]
[Site "Piestany"]
[Date "2022.07.13"]
[Round "3"]
[White "Domalchuk-Jonasson, Aleksandr"]
[Black "Vaculik, Martin"]
[Result "1-0"]
[ECO "D22"]
[WhiteElo "2244"]
[BlackElo "2284"]
[Annotator "ChessBase"]
[PlyCount "47"]
[EventDate "2022.07.12"]
[EventType "swiss"]
[EventCountry "SVK"]
[SourceTitle "playchess.com"]
[Source "ChessBase"]
[SourceQuality "1"]
[TimeControl "40/5400+30:1800+30"]

1. d4 d5 2. c4 dxc4 3. Nf3 a6 4. e3 b5 5. a4 Bb7 6. b3 e6 7. bxc4 bxc4 8. Bxc4 c5 9. O-O cxd4 10. Nxd4 Nf6 11. Qe2 Bd6 12. Rd1 Qe7 13. Nd2 Nbd7 14. N2b3 Ne5 15. Na5 Nxc4 16. Nxb7 Qxb7 17. Qxc4 Rc8 18. Rb1 Rxc4 19. Rxb7 O-O 20. Rb6 Bc5 21. Rc6 Ne4 22. Ba3 Nc3 23. Ra1 Nxa4 24. Nb3 1-0

[Event "Slovakia Open Piestany-A 2022"]
[Site "Piestany"]
[Date "2022.07.13"]
[Round "3"]
[White "Kratochvil, Vit"]
[Black "Simunek, Jakub Simon"]
[Result "1-0"]
[ECO "C00"]
[WhiteElo "2237"]
[BlackElo "1887"]
[Annotator "ChessBase"]
[PlyCount "77"]
[EventDate "2022.07.12"]
[EventType "swiss"]
[EventCountry "SVK"]
[SourceTitle "playchess.com"]
[Source "ChessBase"]
[SourceQuality "1"]
[TimeControl "40/5400+30:1800+30"]

1. e4 e6 2. d3 d5 3. Nd2 c5 4. Ngf3 Nc6 5. g3 Nf6 6. Bg2 Be7 7. O-O O-O 8. e5 Nd7 9. Re1 Qc7 10. Qe2 b5 11. h4 a5 12. Nf1 Nd4 13. Nxd4 cxd4 14. Bf4 Bb7 15. Qg4 Rfc8 16. Re2 Bf8 17. Nh2 Qb6 18. Nf3 Rc7 19. Bg5 Rac8 20. Rc1 b4 21. Qxd4 Bc5 22. Qg4 Ba6 23. Rd2 Bxd3 24. Rxd3 Bxf2+ 25. Kh2 Rc4 26. Qh3 h6 27. Bf4 Rxf4 28. gxf4 Nc5 29. Ne1 Nxd3 30. Nxd3 Be3 31. Re1 Bd2 32. Re2 Rxc2 33. f5 Qd4 34. Qg3 exf5 35. e6 fxe6 36. Rxe6 Rc4 37. Re2 f4 38. Qf3 Kh8 39. Rxd2 1-0

[Event "Slovakia Open Piestany-A 2022"]
[Site "Piestany"]
[Date "2022.07.13"]
[Round "3"]
[White "Zeleny, Tomas"]
[Black "Palchuk, Andrii"]
[Result "0-1"]
[ECO "B11"]
[WhiteElo "2136"]
[BlackElo "2248"]
[Annotator "ChessBase"]
[PlyCount "46"]
[EventDate "2022.07.12"]
[EventType "swiss"]
[EventCountry "SVK"]
[SourceTitle "playchess.com"]
[Source "ChessBase"]
[SourceQuality "1"]
[TimeControl "40/5400+30:1800+30"]

1. e4 c6 2. Nc3 d5 3. Nf3 Bg4 4. h3 Bxf3 5. Qxf3 e6 6. Qg3 Nf6 7. d3 Nbd7 8. Be2 Bb4 9. O-O Bxc3 10. bxc3 dxe4 11. Ba3 Qa5 12. Bb4 Qe5 13. Qxg7 Rg8 14. Qh6 exd3 15. Bxd3 c5 16. Ba3 Qxc3 17. Qc1 c4 18. Bb2 Qb4 19. Be2 c3 20. Ba3 Qe4 21. Bg4 h5 22. Qd1 hxg4 23. Qd6 O-O-O 0-1

[Event "Slovakia Open Piestany-A 2022"]
[Site "Piestany"]
[Date "2022.07.13"]
[Round "3"]
[White "Chval, Zdenek"]
[Black "Havelka, Josef"]
[Result "1-0"]
[ECO "B88"]
[WhiteElo "2063"]
[BlackElo "2396"]
[Annotator "ChessBase"]
[PlyCount "63"]
[EventDate "2022.07.12"]
[EventType "swiss"]
[EventCountry "SVK"]
[SourceTitle "playchess.com"]
[Source "ChessBase"]
[SourceQuality "1"]
[TimeControl "40/5400+30:1800+30"]

1. e4 c5 2. Nf3 Nc6 3. d4 cxd4 4. Nxd4 Nf6 5. Nc3 d6 6. Bc4 e6 7. O-O Be7 8. Be3 O-O 9. Kh1 Bd7 10. f4 Nxd4 11. Bxd4 Bc6 12. Qe2 d5 13. exd5 exd5 14. Rad1 Re8 15. Qf2 dxc4 16. Bxf6 Bxf6 17. Rxd8 Raxd8 18. Re1 Rxe1+ 19. Qxe1 Bd4 20. h3 h5 21. Qe2 h4 22. Qxc4 Be3 23. Ne2 Rd2 24. b4 g6 25. b5 Bd5 26. Qc8+ Kh7 27. Qg4 Kg7 28. f5 Rxc2 29. fxg6 f5 30. Qh5 Rd2 31. Qh7+ Kf6 32. Qxh4+ 1-0

[Event "Slovakia Open Piestany-A 2022"]
[Site "Piestany"]
[Date "2022.07.13"]
[Round "3"]
[White "Lang, Simon"]
[Black "Neuman, Petr"]
[Result "0-1"]
[ECO "B60"]
[WhiteElo "1942"]
[BlackElo "2378"]
[Annotator "ChessBase"]
[PlyCount "112"]
[EventDate "2022.07.12"]
[EventType "swiss"]
[EventCountry "SVK"]
[SourceTitle "playchess.com"]
[Source "ChessBase"]
[SourceQuality "1"]
[TimeControl "40/5400+30:1800+30"]

1. e4 c5 2. Nf3 d6 3. d4 cxd4 4. Nxd4 Nf6 5. Nc3 Nc6 6. Bg5 Bd7 7. f4 h6 8. Bh4 g5 9. fxg5 hxg5 10. Bxg5 Bg7 11. Nf5 Bxf5 12. exf5 Qa5 13. Qf3 Nd4 14. Qxb7 O-O 15. Bxf6 Bxf6 16. Qe4 Nxf5 17. Bd3 Bxc3+ 18. bxc3 Qxc3+ 19. Kf2 Qc5+ 20. Ke1 e6 21. Rf1 Rab8 22. Rf4 Rfc8 23. g4 d5 24. Qe5 Qg1+ 25. Kd2 Qxh2+ 26. Kd1 Ng7 27. g5 Rb4 28. Re4 Qxe5 29. Rxe5 Rcb8 30. Kd2 Rh4 31. Rf1 Rb6 32. g6 f5 33. Rf3 Kf8 34. Be2 Ke7 35. Ra3 Rb7 36. Ra6 Rhb4 37. Ke3 Rc7 38. Bd3 Rb6 39. Rxb6 axb6 40. a4 Kf6 41. Kd4 f4 42. c3 Rc8 43. Re1 Rd8 44. Bc2 e5+ 45. Kd3 e4+ 46. Ke2 Nf5 47. Kf2 Kxg6 48. Rg1+ Kf6 49. Rg4 Ke5 50. Rg6 Rd6 51. Rg5 Rc6 52. Bd1 f3 53. Rg8 Rxc3 54. Rb8 Rd3 55. Ke1 f2+ 56. Ke2 Rf3 0-1

[Event "Slovakia Open Piestany-A 2022"]
[Site "Piestany"]
[Date "2022.07.13"]
[Round "3"]
[White "Hlavac, Rudolf"]
[Black "Mostbauer, Florian"]
[Result "0-1"]
[ECO "B15"]
[WhiteElo "1931"]
[BlackElo "2303"]
[Annotator "ChessBase"]
[PlyCount "60"]
[EventDate "2022.07.12"]
[EventType "swiss"]
[EventCountry "SVK"]
[SourceTitle "playchess.com"]
[Source "ChessBase"]
[SourceQuality "1"]
[TimeControl "40/5400+30:1800+30"]

1. e4 c6 2. d4 d5 3. Nc3 dxe4 4. Nxe4 Nf6 5. Nxf6+ exf6 6. c3 Bd6 7. Bd3 O-O 8. Qc2 Re8+ 9. Ne2 h5 10. Be3 Nd7 11. O-O-O b5 12. Nf4 Bxf4 13. Bxf4 Nb6 14. h4 a5 15. Rde1 Be6 16. f3 Qd5 17. Be4 Qd7 18. Kb1 a4 19. a3 Re7 20. Qd1 Rae8 21. Rhg1 Bf5 22. Bd2 Bxe4+ 23. fxe4 Nc4 24. Bc1 Rxe4 25. Rxe4 Rxe4 26. Qxh5 Qe6 27. Rd1 Re2 28. d5 Qe4+ 29. Ka1 Qc2 30. Rg1 Nxa3 0-1

[Event "Slovakia Open Piestany-A 2022"]
[Site "Piestany"]
[Date "2022.07.13"]
[Round "3"]
[White "Svanda, Adam"]
[Black "Toman, Ondrej"]
[Result "1-0"]
[ECO "A25"]
[WhiteElo "1918"]
[BlackElo "2276"]
[Annotator "ChessBase"]
[PlyCount "90"]
[EventDate "2022.07.12"]
[EventType "swiss"]
[EventCountry "SVK"]
[SourceTitle "playchess.com"]
[Source "ChessBase"]
[SourceQuality "1"]
[TimeControl "40/5400+30:1800+30"]

1. c4 e5 2. Nc3 Nf6 3. g3 Nc6 4. Bg2 Bb4 5. Nd5 Bc5 6. e3 O-O 7. Ne2 Re8 8. O-O a5 9. d4 Bf8 10. Nec3 d6 11. b3 Nb4 12. Bb2 Nbxd5 13. Nxd5 Nxd5 14. Bxd5 c6 15. Bg2 Qc7 16. Qc2 g6 17. Rac1 Bg7 18. Rfd1 Qe7 19. dxe5 dxe5 20. c5 Bf5 21. e4 Be6 22. Rd6 Qg5 23. Rf1 Qh5 24. Qc3 Bh3 25. Bxh3 Qxh3 26. Qf3 Bf8 27. Rf6 Bxc5 28. Rxf7 Rf8 29. Rf6 Bd4 30. Bxd4 exd4 31. e5 Qd7 32. Qd3 Rxf6 33. exf6 Kf7 34. Rd1 Rd8 35. Qd2 Kxf6 36. Qxa5 Qd5 37. Qxd5 Rxd5 38. Rd3 Ke5 39. f3 Rc5 40. Rd2 Rc3 41. Kf2 b5 42. Ke2 Re3+ 43. Kf2 Kd5 44. Re2 Rc3 45. Re8 Rc2+ 1-0

[Event "Slovakia Open Piestany-A 2022"]
[Site "Piestany"]
[Date "2022.07.13"]
[Round "3"]
[White "Hradek, Matyas"]
[Black "Walek, Petr"]
[Result "0-1"]
[ECO "B36"]
[WhiteElo "1888"]
[BlackElo "2237"]
[Annotator "ChessBase"]
[PlyCount "54"]
[EventDate "2022.07.12"]
[EventType "swiss"]
[EventCountry "SVK"]
[SourceTitle "playchess.com"]
[Source "ChessBase"]
[SourceQuality "1"]
[TimeControl "40/5400+30:1800+30"]

1. e4 c5 2. Nf3 g6 3. c4 Nc6 4. d4 cxd4 5. Nxd4 Nf6 6. Nc3 d6 7. Be2 Nxd4 8. Qxd4 Bg7 9. Qd3 Be6 10. O-O Nd7 11. f4 Rc8 12. Nd5 Nc5 13. Qf3 a5 14. f5 Bxd5 15. exd5 O-O 16. Rb1 Nd7 17. b3 Ne5 18. Qh3 b5 19. Bg4 Nxg4 20. Qxg4 Qb6+ 21. Kh1 bxc4 22. Bg5 c3 23. Bxe7 c2 24. Rbc1 Rfe8 25. fxg6 hxg6 26. Rxf7 Qe3 27. Bg5 Qxc1+ 0-1

[Event "Slovakia Open Piestany-A 2022"]
[Site "Piestany"]
[Date "2022.07.13"]
[Round "3.1"]
[White "Kostolansky, Sebastian Lukas"]
[Black "Moroni, Luca Jr"]
[Result "0-1"]
[ECO "C79"]
[WhiteElo "2406"]
[BlackElo "2584"]
[Annotator "ChessBase"]
[PlyCount "52"]
[EventDate "2022.07.12"]
[EventType "swiss"]
[EventCountry "SVK"]
[SourceTitle "playchess.com"]
[Source "ChessBase"]
[SourceQuality "1"]
[TimeControl "40/5400+30:1800+30"]

1. e4 e5 2. Nf3 Nc6 3. Bb5 a6 4. Ba4 Nf6 5. O-O d6 6. c4 Be7 7. d4 exd4 8. Nxd4 Bd7 9. Nxc6 bxc6 10. Nc3 O-O 11. c5 Qb8 12. Re1 Re8 13. Bf4 Qxb2 14. Qf3 Qb4 15. cxd6 cxd6 16. Rab1 Qa5 17. e5 dxe5 18. Rxe5 Bc5 19. Rg5 Bg4 20. Rxg7+ Kh8 21. Rxg4 Nxg4 22. Bxc6 Bxf2+ 23. Kf1 Qf5 24. Be4 Qe6 25. h3 Qc4+ 26. Qd3 Rxe4 0-1